 Dungeon Crawl Stone Soup version 0.25.1-2-g60ff931df9 (webtiles) character file.

Game seed: 9699316086574899366

4708 DerDa the Fighter (level 10, 0/138 HPs)
             Began as a Minotaur Monk on Oct 2, 2020.
             Was a High Priest of Okawaru.
             Slain by a catoblepas (9 damage)
             ... while petrified by you
             ... on level 10 of the Dungeon.
             The game lasted 00:14:33 (9713 turns).

DerDa the Fighter (Minotaur Monk)                   Turns: 9713, Time: 00:14:34

Health: 0/138      AC: 11    Str: 19    XL:     10   Next: 22%
Magic:  10/10      EV:  2    Int:  2    God:    Okawaru [*****.]
Gold:   551        SH:  0    Dex: 13    Spells: 9/9 levels left

rFire    . . .     SeeInvis .   F - +7 battleaxe "Ijofoakk" {vorpal, *Noise +Inv rC+++ Int-5}
rCold    + + +     Gourm    .   (shield currently unavailable)
rNeg     + + +     Faith    .   v - +0 ring mail (curse)
rPois    ∞         Spirit   .   P - +1 hat
rElec    .         Reflect  .   (no cloak)
rCorr    .         Harm     .   (no gloves)
MR       .....                  (no boots)
Stlth    ..........             N - amulet of regeneration
HPRegen  0.73/turn              g - +4 ring of protection
MPRegen  0.12/turn              U - ring of positive energy

@: berserking, petrified
A: retaliatory headbutt, horns 2
a: Heroism, Finesse, Renounce Religion, Evoke Invisibility


You were on level 10 of the Dungeon.
You worshipped Okawaru.
Okawaru was extremely pleased with you.
You were not hungry.

You visited 2 branches of the dungeon, and saw 11 of its levels.

You collected 551 gold pieces.

Inventory:

Hand Weapons
 a - a +0 falchion
 n - a +5 great sword
 q - a +3 hunting sling
 y - the +8 quarterstaff of Red Wine {freeze, Fragile +Inv Str-2 Int+8, unknown}
   (You found it on level 5 of the Dungeon)

   It has been specially enchanted to freeze those struck by it, causing extra
   injury to most foes and up to half again as much damage against particularly
   susceptible opponents.
   It can also slow down cold-blooded creatures.
   It affects your strength (-2).
   It affects your intelligence (+8).
   It lets you turn invisible.
   It will be destroyed if unequipped.
 E - a +3 vampiric falchion
 F - the +7 battleaxe "Ijofoakk" (weapon) {vorpal, *Noise +Inv rC+++ Int-5}
   (You found it on level 6 of the Dungeon)

   It inflicts extra damage upon your enemies.
   It affects your intelligence (-5).
   It renders you almost immune to cold.
   It lets you turn invisible.
   It may make noises in combat.
Missiles
 e - 149 bolts
 p - 142 sling bullets
 K - 14 poisoned darts (quivered)
Armour
 b - a +0 robe
 d - a +1 ring mail of fire resistance
 t - a +0 tower shield
 v - a cursed +0 ring mail (worn)
 J - a +3 leather armour of cold resistance
 P - a +1 hat (worn)
Jewellery
 g - a +4 ring of protection (left hand)
 j - an uncursed amulet of magic regeneration
 N - an amulet of regeneration (around neck)
 U - a ring of positive energy (right hand)
Wands
 L - a wand of clouds (2)
 O - a wand of iceblast (9)
 Q - a wand of random effects (47)
Scrolls
 i - a scroll of amnesia
 l - 5 scrolls of remove curse
 m - 3 scrolls of magic mapping
 r - 5 scrolls of enchant armour
 u - 4 scrolls of teleportation
 x - 2 scrolls of fear
 C - 5 scrolls of enchant weapon
 G - a scroll of noise {unknown}
 I - 2 scrolls of holy word {unknown}
 R - a scroll of blinking {unknown}
 S - a scroll of immolation {unknown}
Potions
 f - 4 potions of curing
 k - a potion of berserk rage
 s - a potion of magic {unknown}
 w - 2 potions of heal wounds {unknown}
 z - 2 potions of lignification {unknown}
 A - 4 potions of brilliance {unknown}
 B - a potion of haste {unknown}
 D - 2 potions of might {unknown}
 H - 2 potions of mutation {unknown}
 T - a potion of resistance {unknown}
Miscellaneous
 h - a box of beasts
Comestibles
 c - 23 rations
 M - 3 chunks of flesh


   Skills:
 * Level 9.7 Fighting
 + Level 7.2 Long Blades
 + Level 6.0 Armour
 * Level 8.8 Dodging
 + Level 4.8 Stealth
 + Level 5.5 Shields
 + Level 2.1 Invocations
 + Level 1.8 Evocations


You had 9 spell levels left.
You didn't know any spells.
Your spell library contained the following spells:

 Spells                   Type           Power        Failure   Level  Hunger
 Magic Dart               Conj           #...         71%         1    ##.....
 Blink                    Tloc           N/A          85%         2    ###....
 Call Imp                 Summ           #.......     85%         2    ###....
 Searing Ray              Conj           #.....       85%         2    ###....
 Slow                     Hex            #.......     85%         2    ###....
 Conjure Flame            Conj/Fire      #.......     97%         3    ####...
 Dazzling Flash           Conj/Hex       #.....       97%         3    ####...
 Mephitic Cloud           Conj/Pois/Air  #.......     97%         3    ####...
 Fulminant Prism          Conj/Hex       #.........   100%        4    #####..
 Iskenderun's Mystic Bla  Conj/Tloc      #.......     100%        4    #####..


Dungeon Overview and Level Annotations

Branches:
Dungeon (10/15)            Temple (1/1) D:7
   Lair: D:8-11         Orc: D:9-12

Altars:
Ashenzari
Cheibriados
Dithmenos
Elyvilon
Fedhas
Gozag
Hepliaklqana
Kikubaaqudgha
Makhleb
Nemelex Xobeh
Okawaru
Qazlal
Ru
Sif Muna
Trog
Uskayaw
Vehumet
Wu Jian
Xom
Yredelemnul
Zin
The Shining One

Annotations:
D:10 Maurice


Innate Abilities, Weirdness & Mutations

You reflexively headbutt those who attack you in melee.
You have a pair of horns on your head.


Message History

You slash the catoblepas!
The catoblepas is severely wounded.
You are engulfed in calcifying dust.
You are slowing down.
The catoblepas gores you!!
* * * LOW HITPOINT WARNING * * *
Your limbs are stiffening.
It was a potion of berserk rage.
A red film seems to cover your vision as you go berserk!
You feel yourself moving faster!
You feel mighty!
You are engulfed in calcifying dust.
The catoblepas barely misses you. The catoblepas gores you!
* * * LOW HITPOINT WARNING * * *
You have turned to stone.
You are engulfed in calcifying dust.
The catoblepas breathes a plume of calcifying dust at you.
The blast of calcifying dust hits you!
* * * LOW HITPOINT WARNING * * *
You are engulfed in calcifying dust.
The catoblepas gores you!!
You die...

.# #.##.## .#
#.##..# .#
#.###)####
#####.# .# #.
#)#...# ##○..#.#
.#
#.#..≈≈###☼°§.#.#
#.#.≈..≈.≈°§§☼#.#
#.##≈.....○☼≈##.#
#..##≈.≈≈≈[§##..#
#...'..Y@§§§'...#
#..##≈.≈≈≈.≈##..#
#.##≈.......≈##.#
#.#.≈..≈.≈..≈.#.#
#.#.$≈≈###≈≈$.#.#
#.#...##.##...#.#
#.#####...#####.#
#......#..†.....#
######.##.#######


You could see a catoblepas.

Vanquished Creatures
  The ghost of Thomus the Thaumaturge, a novice DECj of Vehumet (D:9)
  A manticore (D:10)
  2 trolls
  A hippogriff (D:9)
  Eustachio (D:6)
  3 water moccasins
  A sky beast (D:7)
  2 eyes of draining
  An ice beast (D:8)
  An orc warrior (D:6)
  3 ogres
  2 big kobolds
  7 bullfrogs
  A wyvern zombie (D:7)
  A scorpion (D:7)
  3 killer bees (D:10)
  4 wights
  A howler monkey (D:4)
  2 crimson imps
  A quasit (D:7)
  A bullfrog zombie (D:6)
  6 hounds
  2 jellies
  2 bullfrog skeletons
  2 iguanas (D:5)
  5 orc wizards (D:10)
  4 worker ants
  A killer bee zombie (D:5)
  2 hound skeletons
  7 adders
  3 gnolls
  3 shadow imps
  2 adder zombies (D:8)
  An adder skeleton (D:8)
  4 worms
  3 dart slugs
  7 leopard geckos
  17 orcs
  10 bats
  6 giant cockroaches
  9 hobgoblins
  4 jackals
  9 kobolds
  5 quokkas
  A ball python (D:1)
  4 frilled lizards (D:1)
  12 goblins
  A jackal skeleton (D:5)
  A leopard gecko skeleton (D:7)
  7 rats
180 creatures vanquished.

Vanquished Creatures (others)
  A human (D:5)
1 creature vanquished.

Grand Total: 181 creatures vanquished

Notes
Turn   | Place    | Note
-------+----------+-------------------------------------------
     0 | D:1      | DerDa the Minotaur Monk began the quest for the Orb.
     0 | D:1      | Reached XP level 1. HP: 19/19 MP: 0/0
   170 | D:1      | Reached XP level 2. HP: 22/27 MP: 1/1
   474 | D:1      | Reached skill level 4 in Fighting
  1340 | D:1      | Reached XP level 3. HP: 18/33 MP: 2/2
  1484 | D:2      | Reached skill level 1 in Armour
  1825 | D:2      | Reached XP level 4. HP: 32/41 MP: 3/3
  2232 | D:2      | Found a basalt altar of Yredelemnul.
  2723 | D:3      | Found a shimmering altar of Xom.
  2725 | D:3      | Found a shimmering altar of Xom.
  2726 | D:3      | Found a shimmering altar of Xom.
  2929 | D:3      | Reached skill level 5 in Fighting
  2929 | D:3      | Reached XP level 5. HP: 23/48 MP: 4/4
  3471 | D:3      | Found a snail-covered altar of Cheibriados.
  3471 | D:3      | Noticed a water moccasin
  3480 | D:3      | Killed a water moccasin
  3480 | D:3      | Reached XP level 6. HP: 49/56 MP: 5/5
  3485 | D:3      | Found a basalt altar of Yredelemnul.
  3494 | D:3      | Found a radiant altar of Vehumet.
  3495 | D:3      | Found a shimmering altar of Xom.
  3495 | D:3      | Found a white marble altar of Elyvilon.
  3495 | D:3      | Found a glowing golden altar of the Shining One.
  3499 | D:3      | Found a hide-covered altar of Uskayaw.
  3590 | D:3      | Reached skill level 1 in Shields
  3878 | D:4      | Found a bloodstained altar of Trog.
  3905 | D:4      | Reached skill level 5 in Dodging
  4555 | D:3      | Reached XP level 7. HP: 41/62 MP: 6/6
  4573 | D:4      | Reached skill level 6 in Fighting
  4684 | D:4      | Reached skill level 5 in Long Blades
  4716 | D:4      | Found an iron altar of Okawaru.
  4761 | D:4      | Became a worshipper of Warmaster Okawaru
  4761 | D:4      | Reached * piety under Okawaru
  4761 | D:4      | Reached ** piety under Okawaru
  4983 | D:5      | Entered Level 5 of the Dungeon
  5439 | D:5      | Got an ebony quarterstaff
  5694 | D:5      | Found an ancient bone altar of Kikubaaqudgha.
  5694 | D:5      | Noticed a human
  5697 | D:5      | Killed a human
  6128 | D:6      | Got an ancient battleaxe
  6128 | D:6      | Identified the +7 battleaxe "Ijofoakk" {vorpal, *Noise +Inv
                  | rC+++ Int-5} (You found it on level 6 of the Dungeon)
  6444 | D:6      | Noticed Eustachio
  6455 | D:6      | Killed Eustachio
  6455 | D:6      | Reached XP level 8. HP: 60/71 MP: 7/7
  6469 | D:6      | Reached skill level 7 in Fighting
  7091 | D:7      | Reached *** piety under Okawaru
  7375 | D:7      | Found a staircase to the Ecumenical Temple.
  7381 | Temple   | Entered the Ecumenical Temple
  7774 | D:7      | Reached skill level 8 in Fighting
  7999 | D:8      | Reached XP level 9. HP: 81/81 MP: 8/8
  8216 | D:8      | Found the +5 robe of Misfortune {*Contam Harm *Corrode
                  | *Drain *Slow EV+5}
  8438 | D:8      | Found a shattered altar of Ashenzari.
  8459 | D:8      | Found an ancient bone altar of Kikubaaqudgha.
  8804 | D:9      | Reached skill level 5 in Armour
  8898 | D:9      | Reached **** piety under Okawaru
  9098 | D:9      | Noticed a troll
  9102 | D:9      | Killed a troll
  9102 | D:9      | Reached skill level 9 in Fighting
  9189 | D:9      | Reached skill level 5 in Shields
  9268 | D:9      | Found a large runed translucent door.
  9268 | D:9      | Found a large runed translucent door.
  9269 | D:9      | Noticed Thomus's ghost (novice DECj)
  9350 | D:9      | Found a sparkling altar of Nemelex Xobeh.
  9405 | D:9      | Killed Thomus's ghost
  9405 | D:9      | Received a gift from Okawaru
  9405 | D:9      | Reached skill level 1 in Invocations
  9405 | D:9      | Reached skill level 1 in Evocations
  9457 | D:10     | Entered Level 10 of the Dungeon
  9501 | D:10     | Noticed a troll
  9511 | D:10     | Killed a troll
  9511 | D:10     | Reached XP level 10. HP: 42/91 MP: 10/10
  9624 | D:10     | Reached ***** piety under Okawaru
  9668 | D:10     | Found a burning altar of Makhleb.
  9668 | D:10     | Noticed a green death
  9699 | D:10     | Noticed a manticore
  9699 | D:10     | Noticed Maurice
  9700 | D:10     | Noticed a catoblepas
  9703 | D:10     | Killed a manticore
  9703 | D:10     | Received a gift from Okawaru
  9713 | D:10     | Slain by a catoblepas

Illustrated notes

Levels and vault maps discovered:
D:1:      wander_arrival_estate, layout_basic, minmay_tetromino_o4
D:2:      kb_forest_paths, layout_basic, yredelemnul_altar_generic
D:3:      layout_loops_ring, minitemple, xom_redecorated
D:4:      layout_layer_cave, okawaru_trees_1, first_ration,
          trog_eyes_of_draining
D:5:      layout_loops_corners, tgw_kikubaaqudgha
D:6:      layout_basic, uniq_eustachio
D:7:      layout_loops_ring, temple_green, grunt_ogre_cave,
          small_statue_intersection, st_stairs_14
D:8:      layout_loops_corners, overflow_temple_1_default,
          ashenzari_conservatory_becter, minivault_19,
          chequers_serial_rivers_room_a
D:9:      layout_rooms, nicolae_overflow_hidden_temple,
          ebering_ghost_disaster_area, st_stairs_14, hangedman_glass_garden
D:10:     nzn_motion_control, layout_basic, dpeg_oklobed_lair,
          kennysheep_orc_monster_closet_entryway, makhleb_altar_promises_db,
          uniq_maurice
Temple:   minmay_temple_curvy_loop

Skill      XL: |  1  2  3  4  5  6  7  8  9 10 |
---------------+-------------------------------+-----
Fighting       | 4 5 6 8 9 |  9.7
Armour         | 1 2 3 4 5 6 |  6.0
Long Blades    | 4 5 6 7 |  7.2
Stealth        | 2 3 4 |  4.8
Dodging        | 4 5 6 7 8 |  8.8
Shields        | 2 3 4 5 |  5.5
Invocations    | 1 2 |  2.1
Evocations     | 1 |  1.8

Action                   |  1- 3 |  4- 6 |  7- 9 | 10-12 || total
-------------------------+-------+-------+-------+-------++-------
Melee: Falchion          |    59 |   185 |       |       ||   244
       Headbutt          |    11 |    33 |    35 |     3 ||    82
       Great sword       |       |       |    27 |       ||    27
       Battleaxe         |       |       |   150 |    20 ||   170
Invok: Heroism           |       |       |     2 |       ||     2
Evoke: Wand              |       |       |       |     1 ||     1
  Use: Scroll            |       |       |    11 |       ||    11
       Potion            |       |       |       |     1 ||     1
 Stab: Sleeping          |     1 |     1 |     7 |     1 ||    10
  Eat: Ration            |     1 |       |     1 |       ||     2
       Chunk             |       |     8 |    13 |       ||    21
Armor: Robe              |    10 |       |       |       ||    10
       Ring mail         |    12 |    60 |   109 |     8 ||   189
Dodge: Dodged            |    48 |    75 |   235 |    18 ||   376
Block: Tower shield      |       |    58 |       |       ||    58
       Rpst.: Falchion   |    13 |    26 |       |       ||    39
       Great sword       |       |       |     4 |       ||     4
